 Dungeon Crawl Stone Soup version 0.24.0-41-g2ae2f7f1be (webtiles) character file.

Game seed: 2986189871039431924, levelgen mode: deterministic

1317 ReteAZ the Cleaver (level 8, -3/74 HPs)
             Began as a Deep Dwarf Fighter on Dec 12, 2019.
             Was an Initiate of Makhleb.
             Succumbed to a gnoll's poison
             ... on level 6 of the Dungeon.
             The game lasted 00:23:16 (4824 turns).

ReteAZ the Cleaver (Deep Dwarf Fighter)             Turns: 4824, Time: 00:23:16

Health: -3/74      AC: 11    Str: 22      XL:     8   Next: 33%
Magic:  7/7        EV:  7    Int:  7 (9)  God:    Makhleb [......]
Gold:   292        SH:  9    Dex:  9 (12) Spells: 7/7 levels left

rFire    x . .     SeeInvis .   a - +1 war axe
rCold    . . .     Gourm    .   c - +0 shield
rNeg     . . .     Faith    .   s - +1 scale mail of the Arcane {+Fly rF- Regen+ rCorr}
rPois    .         Spirit   .   p - +0 helmet (curse)
rElec    .         Reflect  .   G - scarf {repulsion}
rCorr    +         Harm     .   m - +0 pair of gloves
MR       +....                  (no boots)
Stlth    ..........             (no amulet)
HPRegen  0.00/turn              (no ring)
MPRegen  0.10/turn              (no ring)

@: lethally poisoned (-3 -> -54), non-regenerating, repel missiles
A: damage resistance, heal wounds, sense surroundings 1, no regeneration
a: Heal Wounds, Renounce Religion, Evoke Flight


You were on level 6 of the Dungeon.
You worshipped Makhleb.
Makhleb was noncommittal.
You were not hungry.

You visited 2 branches of the dungeon, and saw 7 of its levels.

You collected 292 gold pieces.

Inventory:

Hand Weapons
 a - a +1 war axe (weapon)
 b - a +0 vampiric short sword
Missiles
 i - 63 stones
 C - 7 poisoned darts (quivered)
Armour
 c - a +0 shield (worn)
 m - a +0 pair of gloves (worn)
 p - a cursed +0 helmet (worn)
 s - the +1 scale mail of the Arcane (worn) {+Fly rF- Regen+ rCorr}
   (You found it on level 6 of the Dungeon)

   It makes you vulnerable to fire.
   It lets you fly.
   It increases your rate of regeneration.
   It provides partial protection from all sources of acid and corrosion.
 v - a +0 large shield
 w - a +0 scale mail
 y - a +0 ring mail
 D - a +0 cloak
 G - a scarf of repulsion (worn)
Jewellery
 g - an uncursed ring of ice
Wands
 n - a wand of iceblast (2)
 z - a wand of disintegration (17)
 E - a wand of enslavement (6)
 F - a wand of random effects (18)
Scrolls
 e - a scroll of amnesia
 h - 4 scrolls of remove curse
 l - a scroll of enchant weapon
 B - 2 scrolls of teleportation
 H - a scroll of identify {unknown}
 I - a scroll of immolation {unknown}
 J - 3 scrolls of magic mapping {unknown}
 L - a scroll of random uselessness {unknown}
Potions
 d - 3 potions of might
 j - a potion of brilliance {unknown}
 k - a potion of invisibility {unknown}
 q - a potion of degeneration
 r - 2 potions of lignification
 u - 2 potions of flight
 x - a potion of curing
 K - a potion of heal wounds
Comestibles
 f - 7 rations
 o - 5 chunks of flesh


   Skills:
 + Level 5.2 Fighting
 * Level 8.3 Axes
 + Level 6.3 Armour
 - Level 3.2 Shields


You had 7 spell levels left.
You didn't know any spells.
Your spell library contained the following spells:

 Spells                   Type           Power        Failure   Level  Hunger
 Infusion                 Chrm           #...         99%         1    ##.....
 Shroud of Golubria       Chrm/Tloc      #.....       100%        2    ###....
 Song of Slaying          Chrm           #.......     100%        2    ###....
 Spectral Weapon          Hex/Chrm       #.......     100%        3    ####...
 Regeneration             Chrm/Necr      Unusable     N/A         3    N/A

Dungeon Overview and Level Annotations

Branches:
Dungeon (6/15)             Temple (1/1) D:4

Altars:
Ashenzari
Dithmenos
Elyvilon
Fedhas
Gozag
Hepliaklqana
Kikubaaqudgha
Makhleb
Nemelex Xobeh
Okawaru
Qazlal
Ru
Sif Muna
Trog
Uskayaw
Vehumet
Wu Jian
Xom
Zin
The Shining One

Annotations:
D:4 1 runed translucent door
D:6 Blork the orc


Innate Abilities, Weirdness & Mutations

You are resistant to damage.
You can heal yourself by infusing magical energy.
You passively map a small area around you.
You do not regenerate.


Message History

You feel very sick.
The gnoll hits you with a +0 spear of venom!
* * * LOW HITPOINT WARNING * * *
You are more poisoned.
The gnoll hits you with a +0 spear of venom.
* * * LOW HITPOINT WARNING * * *
You hit the gnoll.
The gnoll is moderately wounded.
* * * LOW HITPOINT WARNING * * *
You feel extremely sick. The gnoll hits you but does no damage.
You are more poisoned.
The gnoll barely misses you.
You slice the gnoll!!
You kill the gnoll!
Makhleb accepts your kill.
* * * LOW HITPOINT WARNING * * *
You feel very sick.
You completely miss the gnoll.
You die...

##.. ##. ...
#... ,... ,
... , #..##
#.. ,.?#* , *
, #.. #.# * ##
*#.##.# , #. *
* ,#.#.# #.#.
*
#..########.##
** #.#. ,
##....@gs.....
, #.#. ,
#..########.##
*#.#. #.#.# ,
**#####...
#.##.# ,
..>....# ##
#รท# ,* * #..
#.# * ##. #.#
#. #.# #. #.#
###########.


You could see a gnoll and a giant cockroach.

Vanquished Creatures
  A sky beast (D:5)
  An ice beast (D:5)
  4 ogres
  A centaur (D:6)
  A scorpion (D:5)
  A crimson imp (D:3)
  A bullfrog zombie (D:5)
  A quasit (D:6)
  2 hounds (D:5)
  An orc priest (D:3)
  A gnoll shaman (D:6)
  3 iguanas (D:5)
  4 worker ants
  An orc wizard (D:4)
  A worker ant zombie (D:5)
  6 gnolls
  6 adders
  An ooze (D:2)
  4 worms
  A dart slug (D:1)
  6 leopard geckos
  13 orcs
  2 ball pythons
  4 giant cockroaches
  7 hobgoblins
  2 jackals (D:1)
  14 kobolds
  2 quokkas (D:5)
  9 bats
  5 frilled lizards
  7 goblins
  A quokka skeleton (D:5)
  12 rats
126 creatures vanquished.

Notes
Turn   | Place    | Note
-------+----------+-------------------------------------------
     0 | D:1      | ReteAZ the Deep Dwarf Fighter began the quest for the Orb.
     0 | D:1      | Reached XP level 1. HP: 20/20 MP: 1/1
   163 | D:1      | Reached skill level 3 in Axes
   163 | D:1      | Reached XP level 2. HP: 25/27 MP: 2/2
   734 | D:1      | Reached XP level 3. HP: 27/33 MP: 3/3
  1043 | D:2      | Reached skill level 4 in Axes
  1188 | D:2      | Found a shimmering blue altar of Sif Muna.
  1387 | D:2      | Reached XP level 4. HP: 16/40 MP: 4/4
  1389 | D:2      | Reached skill level 5 in Axes
  1751 | D:3      | Reached XP level 5. HP: 44/49 MP: 5/5
  2545 | D:4      | Reached XP level 6. HP: 31/57 MP: 6/6
  2843 | D:4      | Found a staircase to the Ecumenical Temple.
  2853 | Temple   | Entered the Ecumenical Temple
  3016 | D:4      | Found a runed translucent door.
  3016 | D:4      | Found a white marble altar of Elyvilon.
  3016 | D:4      | Noticed an angel
  3173 | D:5      | Entered Level 5 of the Dungeon
  3200 | D:5      | Reached skill level 6 in Axes
  3237 | D:5      | Reached skill level 5 in Armour
  3307 | D:5      | Reached XP level 7. HP: 23/64 MP: 7/7
  3574 | D:5      | Found a burning altar of Makhleb.
  3581 | D:5      | Became a worshipper of Makhleb the Destroyer
  3583 | D:5      | HP: 2/66 [ogre/+0 giant spiked club (15)]
  3738 | D:5      | Reached skill level 7 in Axes
  3943 | D:5      | Noticed a moth of wrath
  3945 | D:5      | Found a bloodstained altar of Trog.
  4086 | D:5      | Reached XP level 8. HP: 21/73 MP: 7/7
  4090 | D:5      | Reached skill level 5 in Fighting
  4380 | D:5      | Found a bloodstained altar of Trog.
  4421 | D:5      | Reached skill level 8 in Axes
  4484 | D:6      | Noticed Blork the orc
  4746 | D:6      | Got a dazzling scale mail
  4757 | D:6      | Identified the +1 scale mail of the Arcane {+Fly rF- Regen+
                  | rCorr} (You found it on level 6 of the Dungeon)
  4823 | D:6      | HP: 3/74 [poisoned by a gnoll]
  4824 | D:6      | Succumbed to a gnoll's poison

Levels and vault maps discovered:
D:1:      minmay_arrival_semitransparent, layout_basic
D:2:      layout_rooms, nicolae_overflow_crystal_walls, minmay_joined_circles
D:3:      layout_basic
D:4:      layout_basic, minmay_temple_entry_slanted, lemuel_angel_altar
D:5:      layout_loops_ring, tgw_trog, lightli_temple_of_fire, first_ration,
          st_stairs_8, trog_butcher_becter
D:6:      layout_loops_ring, kennysheep_another_room, uniq_blork_the_orc
Temple:   lightli_temple_of_artemis

Skill      XL: |  1  2  3  4  5  6  7  8 |
---------------+-------------------------+-----
Axes           | 3 4 5 6 7 8 |  8.3
Fighting       | 3 4 5 |  5.2
Armour         | 4 5 6 |  6.3
Shields        | |  3.2

Action                   |  1- 3 |  4- 6 |  7- 9 || total
-------------------------+-------+-------+-------++-------
Melee: War axe           |   130 |   117 |   111 ||   358
       Short sword       |       |   161 |   128 ||   289
Throw: Stone             |    51 |    11 |     4 ||    66
       Dart              |       |       |     3 ||     3
 Abil: Heal Wounds       |       |       |     5 ||     5
  Use: Scroll            |       |     2 |     6 ||     8
       Potion            |       |     1 |     9 ||    10
  Eat: Chunk             |     2 |     6 |     6 ||    14
Armor: Scale mail        |    46 |    90 |   101 ||   237
       Ring mail         |       |    20 |       ||    20
       Skin              |       |       |     2 ||     2
Dodge: Dodged            |    30 |    74 |    54 ||   158
Block: Shield            |    62 |   136 |    95 ||   293
